MLB
PITTSBURGH PIRATES @ MINNESOTA TWINS
03/19/2024
 
TOP OF THE 1ST
Pittsburgh Pirates batting - Pitching for Minnesota Twins : LHP Nathan Kirby
Pitching: LHP Nathan Kirby
Batting: RHB Stanford Samuels 0-0: Foul Ball, location: 9LDF
0-1: Ball
1-1: Swinging Strike
1-2: Foul Ball, location: 7LMF
1-2: SINGLE (Groundball, 6MD, EV 100.0 MPH)
Batting: LHB CJ Abrams 0-0: Ball
1-0: Foul Ball, location: 2F
1-1: Foul Ball, location: 25F
1-2: Ball
2-2: Ball
3-2: Foul Ball, location: 2F
3-2: Foul Ball, location: 25FF
3-2: Ground out 5-3 (Groundball, 56, EV 98.8 MPH)
Stanford Samuels to second
Batting: RHB Rece Hinds 0-0: Fly out, F8 (Flyball, 8LM, EV 90.6 MPH)
Batting: LHB Yordan Alvarez 0-0: Foul Ball, location: 2F
0-1: Called Strike
0-2: Foul Ball, location: 9LDF
0-2: Strikes out swinging
Top of the 1st over - 0 runs, 1 hit, 0 errors, 1 left on base; Pittsburgh 0 - Minnesota 0
BOTTOM OF THE 1ST
Minnesota Twins batting - Pitching for Pittsburgh Pirates : RHP Adam Kloffenstein
Pitching: RHP Adam Kloffenstein
Batting: LHB Martín López 0-0: Ball
1-0: Ball
2-0: Fly out, F9 (Flyball, 9, EV 94.4 MPH)
Batting: RHB Jordon Adell 0-0: Fly out, F7 (Line Drive, 7S, EV 93.1 MPH)
Batting: SHB Kaleb Cowart 0-0: Foul Ball, location: 2F
0-1: Ball
1-1: Foul Ball, location: 7LSF
1-2: Ball
2-2: Ball
3-2: Foul Ball, location: 5DF
3-2: Strikes out looking
Bottom of the 1st over - 0 runs, 0 hits, 0 errors, 0 left on base; Pittsburgh 0 - Minnesota 0
TOP OF THE 2ND
Pittsburgh Pirates batting - Pitching for Minnesota Twins : LHP Nathan Kirby
Batting: RHB Brayden Mack 0-0: Ball
1-0: Ball
2-0: Swinging Strike
2-1: Ball
3-1: Base on Balls
Batting: LHB Dominic Fletcher 0-0: SINGLE (Line Drive, 56, EV 95.0 MPH)
Brayden Mack to second
Batting: LHB Leith Wentzell 0-0: Called Strike
0-1: Fly out, F8 (Flyball, 89M, EV 92.5 MPH)
Batting: RHB Luke Berryhill 0-0: Ball
1-0: Ball
2-0: Foul Ball, location: 2F
2-1: Fly out, F8 (Flyball, 78M, EV 77.5 MPH)
Batting: LHB Andres Gimenez 0-0: Called Strike
0-1: Foul Ball, location: 9LSF
0-2: Ball
1-2: Ground out 4-3 (Groundball, 4, EV 89.4 MPH)
Top of the 2nd over - 0 runs, 1 hit, 0 errors, 2 left on base; Pittsburgh 0 - Minnesota 0
BOTTOM OF THE 2ND
Minnesota Twins batting - Pitching for Pittsburgh Pirates : RHP Adam Kloffenstein
Batting: LHB Jed McKinley 0-0: Ball
1-0: Called Strike
1-1: Ball
2-1: Swinging Strike
2-2: Foul Ball, location: 2LF
2-2: Strikes out swinging
Batting: RHB Brandon Lewis 0-0: Ball
1-0: Foul Ball, location: 5F
1-1: Ball
2-1: Swinging Strike
2-2: Foul Ball, location: 2F
2-2: Foul Ball, location: 2RF
2-2: Ball
3-2: SINGLE (Line Drive, 8RS, EV 96.3 MPH)
Batting: RHB Byron Buxton 0-0: Foul Ball, location: 2F
0-1: Foul Ball, location: 3FF
0-2: Strikes out looking
Batting: RHB Tate Hallock 0-0: Ball
1-0: Ball
2-0: Ball
3-0: Base on Balls
Brandon Lewis to second
Batting: LHB Braden Shewmake 0-0: Ball
1-0: Called Strike
1-1: Ball
2-1: SINGLE (Groundball, 34D, EV 105.0 MPH) (infield hit)
Brandon Lewis to third
Tate Hallock to second
Batting: RHB Andrés Yánez 0-0: Called Strike
0-1: Ball
1-1: Called Strike
1-2: Strikes out swinging
Bottom of the 2nd over - 0 runs, 2 hits, 0 errors, 3 left on base; Pittsburgh 0 - Minnesota 0
TOP OF THE 3RD
Pittsburgh Pirates batting - Pitching for Minnesota Twins : LHP Nathan Kirby
Batting: RHB Stanford Samuels 0-0: Called Strike
0-1: Swinging Strike
0-2: Foul Ball, location: 2F
0-2: Foul Ball, location: 25F
0-2: Foul Ball, location: 2F
0-2: Strikes out swinging
Batting: LHB CJ Abrams 0-0: Ball
1-0: Ball
2-0: Called Strike
2-1: Ball
3-1: Foul Ball, location: 2F
3-2: Strikes out swinging
Batting: RHB Rece Hinds 0-0: Ball
1-0: Foul Ball, location: 9LDF
1-1: SINGLE (Groundball, 56D, EV 93.8 MPH)
Batting: LHB Yordan Alvarez 0-0: Ball
1-0: Called Strike
1-1: Ball
2-1: Ground out 4-3 (Groundball, 4D, EV 108.1 MPH)
Top of the 3rd over - 0 runs, 1 hit, 0 errors, 1 left on base; Pittsburgh 0 - Minnesota 0
BOTTOM OF THE 3RD
Minnesota Twins batting - Pitching for Pittsburgh Pirates : RHP Adam Kloffenstein
Batting: LHB Martín López 0-0: Ball
1-0: Foul Ball, location: 7LSF
1-1: Swinging Strike
1-2: Reached via error on a dropped throw from 2B, E3 (Groundball, 4, EV 95.0 MPH)
Batting: RHB Jordon Adell 0-0: Ball
1-0: Foul Ball, location: 2F
1-1: Ball
2-1: Ball
3-1: Foul Ball, location: 7LDF
3-2: Strikes out swinging
Batting: SHB Kaleb Cowart 0-0: Fielders Choice at 2nd, 4-6 (Groundball, 4, EV 86.9 MPH)
Batting: LHB Jed McKinley 0-0: Called Strike
0-1: Ball
1-1: Fly out, F7 (Line Drive, 7D, EV 101.3 MPH)
Bottom of the 3rd over - 0 runs, 0 hits, 1 error, 1 left on base; Pittsburgh 0 - Minnesota 0
TOP OF THE 4TH
Pittsburgh Pirates batting - Pitching for Minnesota Twins : LHP Nathan Kirby
Batting: RHB Brayden Mack 0-0: DOUBLE (Flyball, 78XD, EV 109.4 MPH)
Batting: LHB Dominic Fletcher 0-0: Ground out 5-3 (Groundball, 56, EV 86.9 MPH)
Batting: LHB Leith Wentzell 0-0: Swinging Strike
0-1: Swinging Strike
0-2: Ball
1-2: Strikes out swinging
Batting: RHB Luke Berryhill 0-0: SINGLE (Groundball, 4MD, EV 103.1 MPH)
Brayden Mack to third
Runner from 3rd tries for Home, SAFE, throw by CF to home
Batting: LHB Andres Gimenez 0-0: Ball
1-0: Called Strike
1-1: Swinging Strike
1-2: Ball
2-2: Ball
3-2: Strikes out swinging
Top of the 4th over - 1 run, 2 hits, 0 errors, 1 left on base; Pittsburgh 1 - Minnesota 0
BOTTOM OF THE 4TH
Minnesota Twins batting - Pitching for Pittsburgh Pirates : RHP Adam Kloffenstein
Pitching: RHP Joey Everts
Batting: RHB Brandon Lewis 0-0: Foul Ball, location: 9LMF
0-1: Ball
1-1: Foul Ball, location: 2F
1-2: Ball
2-2: Foul Ball, location: 9LSF
2-2: Strikes out swinging
Batting: RHB Byron Buxton 0-0: Called Strike
0-1: Called Strike
0-2: Foul Ball, location: 2F
0-2: Ball
1-2: SINGLE (Groundball, 6M, EV 103.8 MPH) (infield hit)
Batting: RHB Tate Hallock 0-0: Ball
1-0: Ball
2-0: Swinging Strike
2-1: Called Strike
2-2: Ball
3-2: Grounds into double play, 5-4-3 (Groundball, 5S, EV 77.5 MPH)
Bottom of the 4th over - 0 runs, 1 hit, 0 errors, 0 left on base; Pittsburgh 1 - Minnesota 0
TOP OF THE 5TH
Pittsburgh Pirates batting - Pitching for Minnesota Twins : LHP Nathan Kirby
Pitching: LHP Jimmy Bannatyne
Now in LF: Bryan Murphy
Pinch Hitting: LHB Sergio Pagán 0-0: Ball
1-0: Ball
2-0: Swinging Strike
2-1: Called Strike
2-2: Foul Ball, location: 2RF
2-2: Strikes out swinging
Batting: LHB CJ Abrams 0-0: Swinging Strike
0-1: Foul Ball, location: 5F
0-2: Ball
1-2: Ball
2-2: Ground out 6-3 (Groundball, 6, EV 103.1 MPH)
Batting: RHB Rece Hinds 0-0: Foul Ball, location: 5F
0-1: SINGLE (Line Drive, 4MD, EV 99.4 MPH)
Pitching: RHP Matt Mercer
Batting: LHB Yordan Alvarez 0-0: Ball
1-0: Ball
2-0: Ball
3-0: Base on Balls
Rece Hinds to second
Batting: RHB Brayden Mack 0-0: Called Strike
0-1: Fly out, F4 (Popup, 34S, EV 79.4 MPH)
Top of the 5th over - 0 runs, 1 hit, 0 errors, 2 left on base; Pittsburgh 1 - Minnesota 0
BOTTOM OF THE 5TH
Minnesota Twins batting - Pitching for Pittsburgh Pirates : RHP Joey Everts
Now at 3B: Carter Kieboom
Now at SS: Rece Hinds
Now in LF: Sergio Pagán
Now in RF: Michael Toglia
Batting: LHB Braden Shewmake 0-0: Called Strike
0-1: Ball
1-1: Ground out 5-3 (Groundball, 25, EV 86.3 MPH)
Batting: RHB Andrés Yánez 0-0: Ball
1-0: Ball
2-0: Ball
3-0: Called Strike
3-1: Ground out 5-3 (Groundball, 56, EV 101.3 MPH)
Batting: LHB Martín López 0-0: Foul Ball, location: 2F
0-1: Ball
1-1: Ground out 1-3 (Groundball, 13S, EV 69.4 MPH)
Bottom of the 5th over - 0 runs, 0 hits, 0 errors, 0 left on base; Pittsburgh 1 - Minnesota 0
TOP OF THE 6TH
Pittsburgh Pirates batting - Pitching for Minnesota Twins : RHP Matt Mercer
Now at 2B: Andrés Yánez
Now at 3B: Braden Shewmake
Now at SS: Brendan Rodgers
Pinch Hitting: LHB Bernie Williams II 0-0: Foul Ball, location: 7LSF
0-1: Ball
1-1: Ball
2-1: Foul Ball, location: 5FF
2-2: Foul Ball, location: 5F
2-2: Strikes out looking
Batting: RHB Nick Senzel 0-0: Ball
1-0: Ball
2-0: Called Strike
2-1: Ball
3-1: Foul Ball, location: 9LDF
3-2: Foul Ball, location: 9LSFF
3-2: Ground out 4-3 (Groundball, 4, EV 86.9 MPH)
Batting: RHB Luke Berryhill 0-0: Ball
1-0: Ball
2-0: Called Strike
2-1: Foul Ball, location: 5F
2-2: Foul Ball, location: 2F
2-2: Ball
3-2: Base on Balls
Pitching: LHP A.J. Bentley
Batting: SHB Michael Toglia 0-0: Ball
1-0: Ball
2-0: Foul Ball, location: 2F
2-1: SINGLE (Groundball, 4MD, EV 102.5 MPH)
Luke Berryhill to second
Runner from 2nd tries for 3rd, SAFE, throw by CF made to third
Batting: LHB Sergio Pagán 0-0: Called Strike
0-1: SINGLE (Line Drive, 89S, EV 91.9 MPH)
Luke Berryhill scores
Michael Toglia to second
Runner from 2nd tries for 3rd, SAFE, throw by RF made to third
Pinch Hitting: RHB Jordan Groshans 0-0: Foul Ball, location: 3SF
0-1: Ball
1-1: Foul Ball, location: 2F
1-2: Ball
2-2: Ball
3-2: Foul Ball, location: 2F
3-2: Foul Ball, location: 9LMF
3-2: Foul Ball, location: 2LF
3-2: Base on Balls
Sergio Pagán to second
Batting: RHB Rece Hinds 0-0: Called Strike
0-1: Fielders Choice at 2nd, 5-4 (Groundball, 56, EV 84.4 MPH)
Top of the 6th over - 1 run, 2 hits, 0 errors, 3 left on base; Pittsburgh 2 - Minnesota 0
BOTTOM OF THE 6TH
Minnesota Twins batting - Pitching for Pittsburgh Pirates : RHP Joey Everts
Pitching: RHP Alex Faniel
Now at 2B: Isaac Paredes
Now in CF: Charlie Brewer
Batting: RHB Bryan Murphy 0-0: Swinging Strike
0-1: Ball
1-1: Ground out 5-3 (Groundball, 15, EV 91.9 MPH)
Batting: RHB Brendan Rodgers 0-0: Ball
1-0: Called Strike
1-1: Ball
2-1: Ground out 6-3 (Groundball, 56, EV 90.0 MPH)
Batting: LHB Jed McKinley 0-0: Called Strike
0-1: Ball
1-1: Ground out 6-3 (Groundball, 6, EV 89.4 MPH)
Bottom of the 6th over - 0 runs, 0 hits, 0 errors, 0 left on base; Pittsburgh 2 - Minnesota 0
TOP OF THE 7TH
Pittsburgh Pirates batting - Pitching for Minnesota Twins : LHP A.J. Bentley
Pitching: LHP George Dawson
Pinch Hitting: SHB Aaron Sabato 0-0: Ball
1-0: Called Strike
1-1: Fly out, F8 (Flyball, 8RM, EV 87.5 MPH)
Batting: RHB Carter Kieboom 0-0: Foul Ball, location: 2F
0-1: Ball
1-1: Ball
2-1: Ball
3-1: SOLO HOME RUN (Flyball, 78XD, EV 102.5 MPH), Distance : 398 ft
Batting: RHB Isaac Paredes 0-0: Ball
1-0: Swinging Strike
1-1: Ground out 6-3 (Groundball, 6, EV 76.3 MPH)
Batting: RHB Nick Senzel 0-0: Ground out 6-3 (Groundball, 56, EV 105.0 MPH)
Top of the 7th over - 1 run, 1 hit, 0 errors, 0 left on base; Pittsburgh 3 - Minnesota 0
BOTTOM OF THE 7TH
Minnesota Twins batting - Pitching for Pittsburgh Pirates : RHP Alex Faniel
Pitching: RHP Scott Young
Now at C: Zach Britton
Now at 1B: Aaron Sabato
Batting: RHB Brandon Lewis 0-0: Called Strike
0-1: Ball
1-1: Foul Ball, location: 5SF
1-2: Foul Ball, location: 2LF
1-2: Ball
2-2: Strikes out swinging
Batting: RHB Byron Buxton 0-0: Fly out, F9 (Flyball, 9D, EV 98.8 MPH)
Batting: RHB Tate Hallock 0-0: Ball
1-0: Ball
2-0: Ground out 4-3 (Groundball, 4, EV 91.9 MPH)
Bottom of the 7th over - 0 runs, 0 hits, 0 errors, 0 left on base; Pittsburgh 3 - Minnesota 0
TOP OF THE 8TH
Pittsburgh Pirates batting - Pitching for Minnesota Twins : LHP George Dawson
Batting: LHB Zach Britton 0-0: Fly out, F7 (Flyball, 7D, EV 106.9 MPH)
Batting: SHB Michael Toglia 0-0: Foul Ball, location: 2F
0-1: Ball
1-1: Foul Ball, location: 2F
1-2: Ball
2-2: Strikes out swinging
Pinch Hitting: LHB Jared Tessitore 0-0: Foul Ball, location: 9LMF
0-1: Ball
1-1: Ball
2-1: Swinging Strike
2-2: Strikes out swinging
Top of the 8th over - 0 runs, 0 hits, 0 errors, 0 left on base; Pittsburgh 3 - Minnesota 0
BOTTOM OF THE 8TH
Minnesota Twins batting - Pitching for Pittsburgh Pirates : RHP Scott Young
Pitching: LHP Javier Morán
Now in LF: Jared Tessitore
Batting: LHB Braden Shewmake 0-0: Called Strike
0-1: Ball
1-1: Fly out, F9 (Flyball, 9D, EV 95.6 MPH)
Batting: RHB Andrés Yánez 0-0: Ball
1-0: Ball
2-0: Foul Ball, location: 2F
2-1: Ball
3-1: Foul Ball, location: 23FF
3-2: Foul Ball, location: 2F
3-2: Base on Balls
Batting: LHB Martín López 0-0: Foul Ball, location: 2F
0-1: Ball
1-1: Ball
2-1: Called Strike
2-2: Foul Ball, location: 25F
2-2: Fly out, F7 (Flyball, 7D, EV 90.6 MPH)
Batting: RHB Bryan Murphy 0-0: Ball
1-0: Fielders Choice at 2nd, 6-4 (Groundball, 6, EV 96.9 MPH)
Bottom of the 8th over - 0 runs, 0 hits, 0 errors, 1 left on base; Pittsburgh 3 - Minnesota 0
TOP OF THE 9TH
Pittsburgh Pirates batting - Pitching for Minnesota Twins : LHP George Dawson
Pitching: RHP Germán León
Batting: RHB Charlie Brewer 0-0: SINGLE (Groundball, 6, EV 106.3 MPH)
Batting: RHB Rece Hinds 0-0: Ball
1-0: Called Strike
1-1: Called Strike
1-2: Foul Ball, location: 9LSF
1-2: Ball
2-2: Ball
3-2: Strikes out looking
Batting: SHB Aaron Sabato 0-0: Ball
1-0: Called Strike
Charlie Brewer is caught stealing 2nd base 2-6
1-1: Ball
2-1: Ball
3-1: Foul Ball, location: 2F
3-2: Foul Ball, location: 5DF
3-2: Strikes out swinging
Top of the 9th over - 0 runs, 1 hit, 0 errors, 0 left on base; Pittsburgh 3 - Minnesota 0
BOTTOM OF THE 9TH
Minnesota Twins batting - Pitching for Pittsburgh Pirates : LHP Javier Morán
Pitching: LHP Shawn Neubauer
Batting: RHB Brendan Rodgers 0-0: Ball
1-0: SOLO HOME RUN (Flyball, 7D, EV 94.4 MPH), Distance : 350 ft
Pinch Hitting: RHB Chad Howard 0-0: Ball
1-0: Fly out, F7 (Line Drive, 7D, EV 93.8 MPH)
Batting: RHB Brandon Lewis 0-0: Ball
1-0: Ball
2-0: Fly out, F3 (Popup, 23F, EV 80.0 MPH)
Batting: RHB Byron Buxton 0-0: Fly out, F9 (Flyball, 9LM, EV 87.5 MPH)
Bottom of the 9th over - 1 run, 1 hit, 0 errors, 0 left on base; Pittsburgh 3 - Minnesota 1
Wednesday, March 27th , 2024 - OOTP Baseball 24.11 Build 85